 Dungeon Crawl Stone Soup version 0.30.0-10-gfe55d96785 (webtiles) character file.

Game seed: 4984919704691538837

12174 Kenran the Fencer (level 11, -7/104 HPs)
             Began as a Minotaur Cinder Acolyte on May 15, 2023.
             Was an Initiate of Ignis.
             Mangled by a manticore (9 damage)
             ... on level 11 of the Dungeon.
             The game lasted 00:21:26 (11606 turns).

Kenran the Fencer (Minotaur Cinder Acolyte)        Turns: 11606, Time: 00:21:26

Health: -7/104     AC: 13    Str: 18    XL:     11   Next: 59%
Magic:  11/11      EV: 10    Int: 11    God:    Ignis [......]
Gold:   64         SH:  5    Dex: 11    Spells: 12/12 levels left

rFire   + . .        a - +0 scimitar
rCold   + . .        F - +0 buckler
rNeg    . . .        K - +0 swamp dragon scales
rPois   +            (helmet restricted)
rElec   .            G - scarf {shadows}
rCorr   .            v - +0 pair of gloves
SInv    .            H - +0 pair of boots
Will    +....        B - amulet of the acrobat
Stlth   +            m - ring of willpower
HPRegen 0.37/turn    A - ring of protection from cold
MPRegen 0.12/turn

%: acrobat
@: no status effects
A: horns 2, retaliatory headbutt
a: Renounce Religion, Rising Flame


You were on level 11 of the Dungeon.
You worshipped Ignis.
Ignis was noncommittal.
You visited 1 branch of the dungeon, and saw 11 of its levels.
You also visited: Bailey.

You collected 623 gold pieces.
You spent 559 gold pieces at shops.

Inventory:

Hand Weapons
 a - a +0 scimitar (weapon)
 b - a -1 falchion of flaming
Armour
 v - a +0 pair of gloves (worn)
 F - a +0 buckler (worn)
 G - a scarf of shadows (worn)
 H - a +0 pair of boots (worn)
 K - +0 swamp dragon scales (worn)
Jewellery
 m - a ring of willpower (left hand)
 p - a ring of protection from fire
 A - a ring of protection from cold (right hand)
 B - an amulet of the acrobat (around neck)
Wands
 t - a wand of polymorph (20)
 y - a wand of roots (15)
 D - a wand of acid (2)
 E - a wand of mindburst (10)
Scrolls
 c - 2 scrolls of brand weapon
 f - 4 scrolls of enchant armour
 i - 2 scrolls of summoning
 k - 3 scrolls of magic mapping
 n - 2 scrolls of vulnerability {!r}
 s - a scroll of silence
 u - 2 scrolls of teleportation
 w - 2 scrolls of fog
 z - 2 scrolls of fear
 C - a scroll of enchant weapon
 J - a scroll of immolation {!r}
 L - a scroll of noise {unknown}
 M - 2 scrolls of blinking
Potions
 d - 3 potions of invisibility
 e - 4 potions of curing {@q1}
 g - 6 potions of flight
 h - 3 potions of might {unknown}
 j - a potion of berserk rage {unknown}
 l - 2 potions of brilliance {unknown}
 o - 2 potions of heal wounds {@q2}
 q - 3 potions of lignification {unknown}
 r - 4 potions of attraction {unknown}
 x - 5 potions of mutation {unknown}
 I - 2 potions of degeneration {unknown}


   Skills:
 - Level 12.0 Fighting
 + Level 15.6 Long Blades
 - Level 10.0 Armour
 - Level 5.0 Shields
 - Level 1.0 Spellcasting
 - Level 2.1 Fire Magic


You had 12 spell levels left.
You didn't know any spells.
Your spell library contained the following spells:

 Spells                   Type           Power      Damage    Failure   Level
 Scorch                   Fire           10%        2d5       36%         2
 Apportation              Tloc           0%         N/A       54%         1
 Necrotise                Necr           0%         1d4       54%         1
 Slow                     Hex            0%         N/A       54%         1
 Summon Small Mammal      Summ           0%         N/A       54%         1
 Cigotuvi's Dreadful Rot  Necr/Pois/Air  0%         N/A       67%         2
 Ensorcelled Hibernation  Hex/Ice        0%         N/A       67%         2
 Passwall                 Tmut/Erth      0%         N/A       67%         2
 Confusing Touch          Hex            0%         N/A       88%         3
 Hailstorm                Conj/Ice       0%         3d3       88%         3
 Portal Projectile        Hex/Tloc       0%         N/A       88%         3
 Stone Arrow              Conj/Erth      0%         3d7       88%         3
 Swiftness                Air            0%         N/A       88%         3
 Tukima's Dance           Hex            0%         N/A       88%         3
 Vampiric Draining        Necr           0%         2d6       88%         3
 Animate Armour           Summ/Erth      0%         N/A       99%         4
 Dispel Undead            Necr           0%         3d6       99%         4
 Ice Form                 Ice/Tmut       0%         N/A       99%         4
 Agony                    Necr           0%         N/A       100%        5
 Blade Hands              Tmut           0%         N/A       100%        5
 Death Channel            Necr           0%         N/A       100%        6
 Simulacrum               Ice/Necr       0%         N/A       100%        6
 Lehudib's Crystal Spear  Conj/Erth      0%         10d2      100%        8


Dungeon Overview and Level Annotations

Branches:
Dungeon (11/15)            Temple (0/1) D:7          Bailey (visited)
   Lair: D:8-11         Orc: D:9-12

Altars:
Cheibriados
Kikubaaqudgha
Trog
Vehumet

Shops:
D:3 [   D:6 !   D:9 [   D:11 **

Annotations:
D:5 2 transporters
D:6 4 runed translucent doors
D:8 1 runed translucent door, exclusion: downstairs
D:11 Lodul


Innate Abilities, Weirdness & Mutations

You have a pair of horns on your head.
You reflexively headbutt those who attack you in melee.


Message History

The manticore is heavily wounded.
The manticore bites you!
* * * LOW HITPOINT WARNING * * *
The manticore claws you but does no damage.
The manticore closely misses you.
You barely miss the manticore. You headbutt the manticore.
The manticore is heavily wounded.
The manticore bites you but does no damage.
The manticore claws you but does no damage.
The manticore barely misses you.
You slash the manticore!
The manticore is severely wounded.
You carefully extract the barbed spikes from your body.
The manticore bites you but does no damage.
The manticore barely misses you. x2
You slash the manticore!
The manticore is almost dead.
You barely miss the manticore.
The manticore is almost dead.
The manticore bites you!
* * * LOW HITPOINT WARNING * * *
The manticore claws you but does no damage.
You block the manticore's attack.
You hit the manticore but do no damage. You headbutt the manticore.
The manticore is almost dead.
You block the manticore's attack. The manticore closely misses you.
You block the manticore's attack.
You hit the manticore but do no damage.
The manticore is almost dead.
You barely miss the manticore.
The manticore is almost dead.
The manticore bites you!
* * * LOW HITPOINT WARNING * * *
The manticore barely misses you. x2
You barely miss the manticore.
The manticore is almost dead.
The manticore bites you!
* * * LOW HITPOINT WARNING * * *
The manticore completely misses you. The manticore claws you!
You die...

##............#
##..#
#.............#
##..#
#............##
#...#
#............#
##...#
##...........##
#....#
#............#
#.∩..#
##...........#
##....#
##......)#.##
#.....##
###...##@.#
##......#
######H.#
#......##
##.####......#
#..# #.......#
#..###.......#
#.###........#
.. #......)..#
....#....#....#
........O.###..#


You could see a manticore.

Vanquished Creatures
  2 two-headed ogres
  Pikel (D:4)
  A manticore (D:6)
  An ugly thing (D:10)
  3 centaur zombies (D:10)
  Joseph (D:7)
  A gargoyle (D:10)
  An unseen horror (D:10)
  A komodo dragon (shapeshifter) (D:10)
  Maggie (D:7)
  An unseen horror zombie (D:10)
  A troll (D:9)
  2 hornets (D:10)
  A meliai zombie (D:10)
  2 wraiths
  7 yaks
  A wyvern (D:8)
  A vampire (D:9)
  A steam dragon (D:8)
  An acid dragon (D:10)
  3 water moccasins (D:7)
  3 orc warriors (Bailey)
  5 ice beasts
  2 ogres
  4 black bears
  2 sky beasts (D:6)
  5 centaurs
  2 lemures (D:4)
  A phantom (D:6)
  A kobold brigand (D:9)
  4 bullfrogs
  5 scorpions
  16 killer bees
  A howler monkey (D:9)
  2 hounds (D:6)
  4 jellies
  2 orc priests
  4 iguanas
  A sleepcap (D:5)
  12 orc wizards
  A howler monkey zombie (D:10)
  9 gnolls
  8 adders
  A shadow imp (D:8)
  4 white imps
  An ufetubus (D:7)
  4 worms
  2 dart slugs
  32 orcs
  11 bats
  3 endoplasms
  4 giant cockroaches
  8 goblins
  15 hobgoblins
  12 jackals
  4 quokkas
  10 ball pythons
  4 frilled lizards
  9 kobolds
  10 rats
262 creatures vanquished.

Vanquished Creatures (collateral kills)
  A kobold brigand (D:8)
  3 orc priests (D:8)
  An orc (D:8)
  2 kobolds (D:8)
7 creatures vanquished.

Vanquished Creatures (others)
  An orc wizard (D:9)
  33 foxfires
34 creatures vanquished.

Grand Total: 303 creatures vanquished

Notes
Turn   | Place    | Note
-------+----------+-------------------------------------------
     0 | D:1      | Kenran the Minotaur Cinder Acolyte began the quest for the
                  | Orb.
     0 | D:1      | Reached XP level 1. HP: 19/19 MP: 1/1
   165 | D:1      | Reached skill level 4 in Long Blades
   226 | D:1      | Reached XP level 2. HP: 22/26 MP: 2/2
   601 | D:2      | Reached skill level 5 in Long Blades
   601 | D:2      | Reached XP level 3. HP: 27/31 MP: 3/3
   643 | D:2      | Found a faded altar of an unknown god.
   942 | D:2      | Reached XP level 4. HP: 38/39 MP: 4/4
   943 | D:2      | Reached skill level 6 in Long Blades
  1408 | D:3      | Found Viurgh's Antique Armour Shop.
  1824 | D:3      | Reached XP level 5. HP: 41/45 MP: 5/5
  1855 | D:3      | Reached skill level 7 in Long Blades
  2633 | D:4      | Noticed a lemure
  2633 | D:4      | Noticed a lemure
  2633 | D:4      | Noticed a lemure
  2643 | D:4      | Killed a lemure
  2644 | D:4      | Noticed Pikel
  2653 | D:4      | Killed a lemure
  2653 | D:4      | Noticed a lemure
  2666 | D:4      | Killed Pikel
  2667 | D:4      | Reached skill level 10 in Long Blades
  2667 | D:4      | Reached XP level 6. HP: 40/52 MP: 6/6
  2667 | D:4      | Reached XP level 7. HP: 45/58 MP: 7/7
  3035 | D:4      | Reached skill level 5 in Fighting
  3054 | D:4      | Found a snail-covered altar of Cheibriados.
  3634 | D:5      | Entered Level 5 of the Dungeon
  3764 | D:5      | Reached XP level 8. HP: 47/73 MP: 8/8
  3978 | D:5      | Reached skill level 1 in Armour
  4310 | D:5      | Found a transporter.
  4324 | D:5      | Found a transporter.
  4580 | D:6      | Found Sor Bug's Distillery.
  4612 | D:6      | Reached skill level 11 in Long Blades
  4654 | D:6      | Bought 2 potions of heal wounds for 100 gold pieces
  4725 | D:6      | You fall into a shaft and drop 2 floors!
  4768 | D:8      | Reached skill level 5 in Armour
  4869 | D:8      | Reached XP level 9. HP: 37/81 MP: 9/9
  4879 | D:8      | Reached skill level 12 in Long Blades
  5093 | D:8      | Noticed Joseph
  5228 | D:7      | Reached skill level 13 in Long Blades
  5466 | D:7      | Found a flagged portal.
  5493 | Bailey   | Entered a bailey
  5792 | Bailey   | Noticed an orc knight
  6225 | D:6      | Reached skill level 14 in Long Blades
  6300 | D:6      | Found a large runed translucent door.
  6300 | D:6      | Found a large runed translucent door.
  6364 | D:6      | Noticed a two-headed ogre
  6401 | D:6      | Found a large runed translucent door.
  6401 | D:6      | Found a large runed translucent door.
  6644 | D:6      | Reached XP level 10. HP: 84/91 MP: 10/10
  6648 | D:6      | Noticed a manticore
  6666 | D:6      | Killed a manticore
  6667 | D:6      | Reached skill level 10 in Fighting
  7187 | D:3      | Bought a runed scarf for 176 gold pieces
  7369 | D:8      | Noticed a two-headed ogre
  7417 | D:7      | Killed Joseph
  7429 | D:8      | Killed a two-headed ogre
  7937 | D:7      | Found a staircase to the Ecumenical Temple.
  7994 | D:7      | Noticed Maggie
  8010 | D:7      | Killed Maggie
  8335 | D:8      | Noticed a deep elf pyromancer
  8335 | D:8      | Noticed a cyclops
  8336 | D:8      | Found a runed translucent door.
  8336 | D:8      | Noticed an orc knight
  8338 | D:8      | Noticed an ogre mage
  8338 | D:8      | Noticed a tengu warrior
  8338 | D:8      | Noticed a green ugly thing
  8371 | D:8      | Found a radiant altar of Vehumet.
  8371 | D:8      | Found an ancient bone altar of Kikubaaqudgha.
  9166 | D:9      | Found Lymi's Antique Armour Shoppe.
  9200 | D:9      | Noticed a two-headed ogre
  9205 | D:9      | Killed a two-headed ogre
  9206 | D:9      | Reached skill level 5 in Shields
  9481 | D:9      | Reached XP level 11. HP: 43/104 MP: 11/11
  9645 | D:10     | Entered Level 10 of the Dungeon
  9673 | D:10     | Paralysed by a hornet for 2 turns
  9991 | D:10     | Found a bloodstained altar of Trog.
 10190 | D:10     | Reached skill level 10 in Armour
 10850 | D:10     | Reached skill level 15 in Long Blades
 11060 | D:11     | Noticed a boulder beetle
 11093 | D:11     | Found Reojaeg's General Store.
 11098 | D:11     | Bought a scroll of identify for 28 gold pieces
 11182 | D:11     | Noticed a purple ugly thing
 11218 | D:10     | Killed a purple ugly thing
 11389 | D:11     | Found Qykhod's General Store.
 11396 | D:11     | Bought a scroll of identify for 30 gold pieces
 11396 | D:11     | Bought 2 scrolls of blinking for 225 gold pieces
 11412 | D:11     | Noticed Lodul
 11606 | D:11     | HP: 2/104 [manticore (7)]
 11606 | D:11     | Mangled by a manticore

Illustrated notes

Levels and vault maps discovered:
D:1:      roderic_crossed_star, layout_basic
D:2:      kennysheep_six_static_rooms, layout_basic,
          ebering_ecumenical_altar_mist, minmay_misc_feat_plants
D:3:      minmay_chambers_of_twos, layout_loops_ring, serial_shops, shop,
          kennysheep_big_empty_room, minmay_misc_feat_hallway
D:4:      layout_basic, mainiacjoe_overflow_alcove_2,
          minmay_a_box_with_orc_wizards_in_it, uniq_pikel
D:5:      gammafunk_steamed_eel, layout_gridville, kennysheep_nondescript,
          nicolae_elevator_lobby_asterisk
D:6:      layout_basic, serial_shops, shop, grunt_ministairs_2,
          hangedman_decor_clover_reticule, kennysheep_cluttered_room,
          minmay_hollow_rounded_squares
D:7:      layout_basic, minmay_temple_entry_slanted, enter_bailey_4, uniq_maggie
D:8:      minmay_gate_of_8, layout_basic, gammafunk_temple_overflow_wave,
          uniq_joseph
D:9:      layout_rooms, serial_shops, nicolae_square_shop
D:10:     layout_roguey, trog_book, serial_undead, serial_undead_d,
          serial_undead_e, serial_undead_f, serial_undead_e
D:11:     layout_cave_pods, hellmonk_lair_entry_icy, serial_shops, shop, shop,
          shop, shop, shop, uniq_lodul

Skill      XL: |  1  2  3  4  5  6  7  8  9 10 11 |
---------------+----------------------------------+-----
Long Blades    | 4 5 6 10 11 14 15 | 15.6
Fighting       | 7 8 9 12 | 12.0
Armour         | 5 6 8 10 | 10.0
Shields        | 5 |  5.0
Spellcasting   | |  1.0
Fire Magic     | |  2.1

Action                     |  1- 3 |  4- 6 |  7- 9 | 10-12 || total
---------------------------+-------+-------+-------+-------++-------
  Melee: Falchion          |    91 |   155 |   238 |       ||   484
         Headbutt          |    15 |    14 |    91 |    82 ||   202
         Punch             |     2 |     2 |     5 |       ||     9
         Long sword        |       |       |   207 |    89 ||   296
         Scimitar          |       |       |       |   256 ||   256
 Invoke: Fiery Armour      |       |     2 |     3 |     2 ||     7
         Foxfire Swarm     |       |       |     2 |     1 ||     3
  Evoke: Wand              |       |       |       |     7 ||     7
    Use: Scroll            |     4 |       |     4 |     8 ||    16
         Potion            |       |       |     2 |     1 ||     3
 Armour: Scale mail        |    68 |    68 |       |       ||   136
         Chain mail        |       |    19 |   187 |    38 ||   244
         Swamp dragon scal |       |       |       |   104 ||   104
  Dodge: Dodged            |    59 |    69 |   143 |   165 ||   436
  Block: Buckler           |       |       |     1 |    79 ||    80
